 Dungeon Crawl Stone Soup version 0.16-a0-890-g98fc465 (webtiles) character file.

66996 Kashira the Thaumaturge (level 14, 67/67 HPs)
             Began as a Felid Ice Elementalist on Sept 28, 2014.
             Was the Champion of Kikubaaqudgha.
             Got out of the dungeon alive.
             The game lasted 05:26:10 (73838 turns).

Kashira the Thaumaturge (Felid Ice Elementalist)   Turns: 73838, Time: 05:26:10

HP  67/67        AC  4     Str 13      XL: 14   Next: 81%
MP  37/37        EV 31     Int 18      God: Kikubaaqudgha [******]
Gold 1797        SH  0     Dex 22      Spells: 12 memorised,  2 levels left
Lives: 0, deaths: 3

rFire  . . .     SeeInvis +     (weapon unavailable)
rCold  + + .     Clarity  .     (armour unavailable)
rNeg   + . .     rCorr    .     (shield unavailable)
rPois  .         rRot     .     (helmet unavailable)
rElec  .         Spirit   .     (cloak unavailable)
SustAb .         Warding  +     (gloves unavailable)
rMut   .         Stasis   .     (boots unavailable)
Gourm  .                        i - amulet of warding
MR     ++++.                    I - ring of Megismekk {rF+ Str+5 Dex+4}
                                d - ring of ice

@: quick, incredibly resistant to hostile enchantments, stealthy
A: paw claws, no armour, no weapons or thrown items, fangs 3, horns 1, rugged
brown scales 1, see invisible, carnivore 3, speed 1, magic resistance 2, shaggy
fur 3, slow metabolism 1, jump 3
a: Jump Attack, Receive Corpses, Torment, Renounce Religion


You escaped.
You worshipped Kikubaaqudgha.
Kikubaaqudgha was exalted by your worship.
You were not hungry.

You visited 6 branches of the dungeon, and saw 35 of its levels.
You also visited: Labyrinth, Bailey and Ice Cave.

You collected 3485 gold pieces.
You spent 1688 gold pieces at shops.

Inventory:

Missiles
 A - 2 large rocks
Magical devices
 h - a wand of cold (4)
 m - a wand of teleportation (2)
 s - a wand of hasting (4)
 v - a wand of invisibility (2)
 H - a wand of fireball (2)
 K - a wand of digging (6)
 L - a wand of enslavement (13)
 T - a wand of draining (7)
 V - a wand of paralysis (16)
Comestibles
 a - 17 royal jellies
 c - 10 meat rations
Scrolls
 l - a scroll of fear
 n - 7 scrolls of teleportation
 o - a scroll of summoning {unknown}
 x - 2 scrolls of remove curse
 y - 2 scrolls of fog
 E - 9 scrolls of blinking
 O - a scroll of magic mapping
 Q - a scroll of holy word
 U - 3 scrolls of identify
Jewellery
 d - a ring of ice (left paw)
 f - an uncursed ring of ice
 g - the ring of Guyck {+Rage rElec SInv}
   (You bought it in a shop on level 4 of the Orcish Mines)

   [ring of see invisible]

   It insulates you from electricity.
   It enhances your eyesight.
   It lets you go berserk.
 i - an amulet of warding (around neck)
 j - an uncursed ring of wizardry
 t - an uncursed amulet of resist mutation
 F - an uncursed ring of protection from fire
 I - the ring of Megismekk (right paw) {rF+ Str+5 Dex+4}
   (You bought it in a shop on level 3 of the Shoals)

   [ring of protection from fire]

   It affects your strength (+5).
   It affects your dexterity (+4).
   It protects you from fire.
 M - a cursed -5 ring of dexterity
 N - a cursed amulet of inaccuracy {unknown}
Potions
 b - 2 potions of brilliance
 e - 7 potions of curing
 k - 2 potions of invisibility
 p - 2 potions of agility
 r - a potion of restore abilities
 w - a potion of cure mutation
 D - a potion of resistance
 P - 2 potions of heal wounds
 R - 3 potions of haste
 S - 6 potions of cancellation
Books
 q - a book of Wizardry

   Spells                             Type                      Level
   Agony                              Necromancy                   5
   Force Lance                        Conjuration                  5
   Dispersal                          Translocation                6
   Haste                              Charms                       6
   Invisibility                       Hexes                        6
   Spellforged Servitor               Conjuration/Summoning        7
Miscellaneous
 z - a fan of gales (inert)
 B - a sack of spiders {used: 1}
 C - a lamp of fire (inert)
 G - a disc of storms
 J - a box of beasts {used: 2}


   Skills:
 - Level 10.0 Fighting
 - Level 12.1 Dodging
 - Level 6.0 Stealth
 - Level 0.6 Unarmed Combat
 - Level 14.8 Spellcasting
 - Level 10.8 Conjurations
 + Level 8.8 Charms
   Level 1.8 Summonings
 - Level 11.0 Necromancy
 - Level 11.5 Ice Magic
 - Level 10.0 Evocations


You had 2 spell levels left.
You knew the following spells:

 Your Spells              Type           Power        Failure   Level  Hunger
a - Freeze                Ice            ####         1%          1    None
b - Throw Frost           Conj/Ice       ######       1%          2    None
c - Ozocubu's Armour      Chrm/Ice       ######..     1%          3    None
d - Animate Skeleton      Necr           N/A          1%          1    None
e - Condensation Shield   Ice            ######....   1%          4    None
f - Bolt of Draining      Conj/Necr      ######....   1%          5    ###....
g - Vampiric Draining     Necr           ######....   1%          3    None
h - Throw Icicle          Conj/Ice       ######..     1%          4    None
i - Blink                 Tloc           N/A          10%         2    None
j - Animate Dead          Necr           N/A          1%          4    None
k - Twisted Resurrection  Necr           ######....   1%          5    ###....
l - Simulacrum            Ice/Necr       ######....   10%         6    #####..


Dungeon Overview and Level Annotations

Branches:
Dungeon (14/15)            Temple (1/1) D:4             Orc (4/4) D:11
    Elf (0/3) Orc:3          Lair (8/8) D:9          Shoals (5/5) Lair:4
 Spider (3/5) Lair:6       Vaults (0/5) D:14
  Slime: Lair:6-8

Altars:
Ashenzari
Cheibriados
Dithmenos
Elyvilon
Fedhas
Gozag
Kikubaaqudgha
Makhleb
Nemelex Xobeh
Qazlal
Trog
Xom
Yredelemnul
Zin
The Shining One
Beogh

Shops:
D:4 (   D:7 :   Orc:1 *   Orc:2 }   Orc:4 [*([=   Shoals:3 =   Shoals:4 *

Annotations:
D:2 Sigmund


Innate Abilities, Weirdness & Mutations

You cannot wear armour.
You are incapable of wielding weapons or throwing items.
Your paws have sharp claws.
You have razor-sharp teeth.
You have supernaturally acute eyesight.
You are carnivorous and can eat meat at any time.
You cover ground quickly.
Your thick and shaggy fur keeps you warm (AC +3, rC+).
You have a slow metabolism.
You can jump attack at a long distance.
You have a pair of small horns on your head.
You are partially covered in rugged brown scales (AC +1, +3% HP).
You are highly resistant to hostile enchantments.


Message History

Press: ? - help, v - describe, . - travel A stone staircase leading down.
A bat is nearby!
The bat closely misses you.
Casting: Bolt of Draining
Confirm with . or Enter, or press ? or * to list all spells.
Aiming: Bolt of Draining
Press: ? - help, Shift-Dir - straight line, f - bat
Aim: a bat The bolt of negative energy hits the bat.
The bat is drained!
You kill the bat!
Kikubaaqudgha accepts your kill.
(D) Dungeon (T) Temple (O) Orcish Mines (E) Elven Halls (L) Lair (A) Shoals (N) Spider Nest (V) Vaults
Where to? (* - list waypoints, Enter - D:1 @ (x,y), ? - help) Magic restored.
There is a staircase leading out of the dungeon here.
Are you sure you want to leave the Dungeon?
This will make you lose the game!
You have escaped!

### ##[## ######## ##...##
#..@...# #.....###
#.####.########
........######.##...)......#
..................#...#.##.#
........######.####...#.##.#
........# #........#..#.#
.....#..# #######..##)#.#
........# #.......#
.......## ####### #.......#


There were no monsters in sight!

Vanquished Creatures
  A kraken (Shoals:2)
  An orc warlord (Orc:4)
  A fire dragon (Lair:7)
  A merfolk impaler (Shoals:2)
  Josephine (D:13)
  7 hydras
  A merfolk avatar (Shoals:2)
  A tengu warrior (D:14)
  A merfolk aquamancer (Shoals:2)
  A centaur warrior (D:14)
  An orc high priest (Orc:4)
  An ice devil (IceCv)
  9 sea snakes
  An orb spider (Spider:2)
  A deep elf knight (D:10)
  An ice statue (IceCv)
  3 orc knights
  An unseen horror (D:11)
  5 orc sorcerers
  8 harpies
  3 hill giants
  4 cyclopes
  7 wolf spiders
  2 water nymphs
  A wizard (D:10)
  8 manticores
  18 elephants
  A centaur zombie (D:13)
  6 griffons
  5 black mambas
  Maurice (D:11)
  8 sirens
  13 spiny frogs
  2 torpor snails
  A yaktaur (D:14)
  A redback zombie (D:14)
  5 komodo dragons
  3 fire drakes
  2 kobold demonologists
  2 two-headed ogres
  A blue devil (IceCv)
  A demonic crawler (Spider:2)
  A hydra zombie (D:14)
  10 merfolk
  A polar bear (Lair:2)
  A queen bee (D:11)
  5 trolls
  10 blink frogs
  2 wandering mushrooms (Lair:6)
  6 jumping spiders
  10 snapping turtles
  6 ravens
  2 slime creatures (D:14)
  2 basilisks (Lair:6)
  7 trapdoor spiders
  8 water elementals
  6 redbacks (Spider:1)
  A shadow (D:12)
  5 wyverns
  A dire elephant simulacrum (IceCv)
  43 yaks
  A deep elf mage (D:13)
  A wraith (D:14)
  A hungry ghost (D:10)
  4 humans (D:14)
  14 hippogriffs
  3 vampire mosquitoes (Lair:5)
  6 tarantellas
  A harpy simulacrum (IceCv)
  2 swamp worms (Lair:4)
  2 wolves (Lair:1)
  A wolf (shapeshifter) (D:14)
  5 wargs
  8 spiders
  3 mottled dragons
  36 orc warriors
  9 porcupines
  3 sky beasts
  2 ice beasts
  10 water moccasins
  6 phantoms
  2 black bears
  11 ogres
  A necrophage (D:14)
  15 crocodiles
  2 boring beetles (Lair:7)
  3 big kobolds
  14 centaurs
  16 giant frogs
  A cyclops zombie (D:14)
  A wyvern skeleton (D:7)
  A cyclops skeleton (D:8)
  40 killer bees
  An eye of draining (D:11)
  5 scorpions
  11 electric eels
  8 wights
  9 crimson imps
  4 goliath beetles
  12 hounds
  2 quasits
  A giant frog zombie (D:5)
  26 orc priests
  A cyclops simulacrum (D:13)
  8 jellies
  A giant frog skeleton (D:5)
  16 worker ants
  40 orc wizards
  16 iguanas
  23 sheep
  Jessica (D:2)
  A crocodile zombie (D:8)
  A kobold simulacrum (D:13)
  An ogre skeleton (D:6)
  Terence (D:3)
  A mummy (D:13)
  A mottled dragon simulacrum (D:13)
  A worker ant zombie (D:8)
  8 gnolls
  40 adders
  46 green rats
  2 worms
  A giant mite (D:4)
  An adder skeleton (D:7)
  4 giant geckos
  2 oozes
  141 orcs
  A ball python (D:2)
  A bat skeleton (D:8)
  4 giant cockroaches
  24 goblins
  A green rat zombie (Lair:2)
  19 hobgoblins
  3 jackals (D:3)
  34 kobolds
  15 quokkas
  32 bats
  6 giant newts
  2 giant spores (D:9)
  A kobold skeleton (D:6)
  A kobold zombie (D:7)
  4 orc skeletons
  6 orc zombies
  A quokka skeleton (D:4)
  18 rats
  A rat skeleton (D:4)
  A rat zombie (D:6)
  5 ballistomycetes
  4 tentacles (Shoals:2)
1115 creatures vanquished.

Vanquished Creatures (collateral kills)
  Rupert (Lair:4)
  A stone giant (Orc:1)
  A minotaur (Lab)
  2 blizzard demons (IceCv)
  A merfolk javelineer (Shoals:4)
  4 merfolk impalers
  2 vault guards (D:14)
  4 hydras
  A centaur warrior (D:13)
  A merfolk avatar (Shoals:3)
  3 alligator snapping turtles
  Erica (D:10)
  2 merfolk aquamancers (Shoals:4)
  A satyr (Shoals:3)
  A death yak (Shoals:3)
  3 tengu warriors
  A catoblepas (Lair:8)
  A lindwurm (Lair:5)
  3 ice devils (IceCv)
  3 sea snakes
  An orb spider (Spider:1)
  A hill giant (D:13)
  3 ice statues
  3 wolf spiders
  7 ugly things
  3 harpies
  An orc knight (Orc:4)
  4 wizards (D:14)
  3 cyclopes
  3 fauns (Shoals:3)
  A slime creature (D:14)
  3 griffons
  10 elephants
  2 water nymphs
  A black mamba (Lair:4)
  A siren (Shoals:3)
  A centaur zombie (D:11)
  2 spiny frogs (Lair:7)
  2 komodo dragons (Lair:8)
  2 demonic crawlers (Spider:1)
  2 tengu conjurers (D:14)
  Eustachio (D:10)
  An air elemental (IceCv)
  A wind drake (Shoals:5)
  3 blue devils (IceCv)
  13 merfolk
  A troll (D:14)
  A polar bear (Lair:7)
  3 jumping spiders
  A jumping spider zombie (Spider:2)
  4 snapping turtles
  3 ravens (D:14)
  A tarantella zombie (Spider:2)
  8 blink frogs
  A basilisk (Lair:6)
  4 trapdoor spiders
  A deep elf mage (D:11)
  6 water elementals
  A wyvern (D:10)
  5 tarantellas
  22 yaks
  4 redbacks (Spider:2)
  4 vampire mosquitoes
  13 humans (D:14)
  2 dire elephant simulacra (IceCv)
  A hill giant skeleton (D:13)
  7 hippogriffs
  An iron troll simulacrum (IceCv)
  4 wolves
  4 swamp worms (Lair:4)
  3 water moccasins
  A chaos spawn (Orc:4)
  A crocodile (Lair:1)
  2 harpy simulacra (IceCv)
  A hydra simulacrum (IceCv)
  An ogre skeleton (D:14)
  3 orc warriors
  5 spiders
  8 ice beasts
  2 necrophages
  A sky beast (D:11)
  8 centaurs
  2 boring beetles
  4 giant frogs
  6 killer bees (D:11)
  A scorpion (Spider:2)
  A yak zombie (IceCv)
  2 electric eels
  3 orc priests
  A hound (Lair:7)
  7 orc wizards
  2 iguanas
  A two-headed ogre skeleton (D:13)
  17 sheep
  A gnoll (D:3)
  2 adders
  11 green rats (Lair:1)
  A shadow imp (D:8)
  19 orcs
  14 bats
  A giant cockroach (D:4)
  2 quokkas (D:10)
  4 kobolds
  5 orc zombies
  A rat (D:9)
  3 ballistomycetes
  A bush (Lair:7)
  3 fungi
  6 plants
  2 tentacles (Shoals:2)
373 creatures vanquished.

Vanquished Creatures (others)
  9 large abominations
  3 drowned souls (Shoals:3)
  2 sea snake zombies
  A redback zombie (Spider:2)
  2 sea snake skeletons
  2 hydra zombies (Lair:5)
  A tarantella zombie (Spider:2)
  2 jumping spider zombies
  2 trapdoor spider zombies
  8 small abominations
  2 griffon skeletons (Shoals:3)
  A black mamba zombie (Lair:4)
  A black mamba skeleton (Lair:5)
  An orb spider zombie (Spider:2)
  3 merfolk zombies
  A raven zombie (D:13)
  A water nymph zombie (Shoals:1)
  5 merfolk skeletons
  2 manticore zombies
  2 snapping turtle zombies
  A water nymph skeleton (Shoals:2)
  A snapping turtle skeleton (Shoals:5)
  2 manticore skeletons
  3 elephant skeletons
  A fire drake zombie (Lair:6)
  A centaur (Shoals:5)
  2 blink frog skeletons
  A yaktaur skeleton (D:14)
  A water moccasin zombie (Lair:6)
  2 komodo dragon skeletons
  7 yak zombies
  A polar bear zombie (Lair:2)
  A cyclops skeleton (Shoals:5)
  6 hippogriff zombies
  A wolf zombie (Lair:1)
  12 yak skeletons
  A hippogriff skeleton (D:11)
  6 polar bear skeletons (IceCv)
  A basilisk zombie (Lair:6)
  3 centaur skeletons
  A giant frog zombie (Lair:6)
  A hound (D:9)
  4 giant frog skeletons
  An orc wizard (D:11)
  2 human skeletons (D:14)
  A black bear skeleton (D:13)
  2 porcupine skeletons (Lair:5)
  A sheep (D:9)
  18 killer bee zombies
  2 big kobold zombies
  4 human zombies
  A mottled dragon zombie (D:13)
  4 crocodile skeletons
  A mottled dragon skeleton (D:13)
  An ogre skeleton (D:6)
  2 hound zombies
  3 hound skeletons
  2 worker ant zombies
  14 adder skeletons
  3 adder zombies
  28 orc zombies
  3 sheep zombies
  7 iguana skeletons
  An orc (D:11)
  A bat (D:4)
  5 bat skeletons
  6 bat zombies (Orc:2)
  19 green rat zombies
  2 giant gecko skeletons
  3 giant newt skeletons
  A giant newt zombie (D:13)
  2 giant spores
  A gnoll skeleton (D:4)
  3 goblin skeletons
  2 goblin zombies (Orc:1)
  5 hobgoblin skeletons
  6 kobold skeletons
  10 kobold zombies
  17 orc skeletons
  4 quokka skeletons
  5 rats
  4 rat skeletons
  19 crawling corpses
  13 fungi
  6 macabre masses
  3 plants
  48 tentacles
  1397 tentacle segments
  8 toadstools (Lair:5)
1802 creatures vanquished.

Grand Total: 3290 creatures vanquished

Notes
Turn   | Place    | Note
--------------------------------------------------------------
     0 | D:1      | Kashira, the Felid Ice Elementalist, began the quest for the Orb.
     0 | D:1      | Reached XP level 1. HP: 7/7 MP: 4/4
   480 | D:1      | Reached skill level 3 in Ice Magic
   513 | D:1      | Reached XP level 2. HP: 11/11 MP: 1/5
   519 | D:1      | Learned a level 2 spell: Throw Frost
   902 | D:1      | Found a glowing golden altar of the Shining One.
  1144 | D:2      | Found a shadowy altar of Dithmenos.
  1244 | D:2      | Noticed Sigmund
  1300 | D:2      | Found a stormy altar of Qazlal.
  1307 | D:2      | Found a shimmering altar of Xom.
  1340 | D:2      | Noticed Jessica
  1345 | D:2      | Killed Jessica
  1345 | D:2      | Reached XP level 3. HP: 10/14 MP: 4/8
  1604 | D:2      | Learned a level 3 spell: Ozocubu's Armour
  1643 | D:2      | Learned a level 1 spell: Animate Skeleton
  1676 | D:2      | Found a stormy altar of Qazlal.
  2083 | D:2      | Reached XP level 4. HP: 18/18 MP: 8/11
  2131 | D:2      | Found a shattered altar of Ashenzari.
  2486 | D:3      | Found a blossoming altar of Fedhas.
  2572 | D:3      | Noticed a giant frog
  2573 | D:3      | Noticed Terence
  2620 | D:3      | Killed Terence
  2660 | D:3      | Killed a giant frog
  2660 | D:3      | Reached XP level 5. HP: 11/21 MP: 12/14
  2975 | D:3      | Reached skill level 1 in Necromancy
  3017 | D:3      | Reached skill level 4 in Ice Magic
  3058 | D:3      | Learned a level 4 spell: Condensation Shield
  3592 | D:3      | Found a glowing golden altar of the Shining One.
  3806 | D:4      | Found Qoan's Weapon Boutique.
  4140 | D:4      | Found a staircase to the Ecumenical Temple.
  4147 | Temple   | Entered the Ecumenical Temple
  4155 | Temple   | Became a worshipper of Kikubaaqudgha
  4175 | D:4      | Gained mutation: You are covered in thick fur (AC +2). [growing up]
  4175 | D:4      | Gained mutation: You can jump attack at a medium distance. [growing up]
  4175 | D:4      | Reached XP level 6. HP: 12/24 MP: 9/17
  4332 | D:4      | Reached skill level 1 in Evocations
  5319 | D:4      | Reached skill level 1 in Conjurations
  5383 | D:4      | Noticed an ogre
  6020 | D:4      | Learned a level 1 spell: Summon Small Mammal
  6170 | D:5      | Entered Level 5 of the Dungeon
  6591 | D:5      | Reached XP level 7. HP: 28/28 MP: 20/20
  6899 | D:5      | Reached skill level 1 in Fighting
  7386 | D:5      | Reached skill level 5 in Spellcasting
  7386 | D:5      | Reached skill level 5 in Ice Magic
  8007 | D:6      | Acquired Kikubaaqudgha's first power
  8007 | D:6      | Received a gift from Kikubaaqudgha
  8021 | D:6      | Identified Kikubaaqudgha's Disquisition on Evil Rituals (Kikubaaqudgha gifted it to you on level 6 of the Dungeon)
  8026 | D:6      | Learned a level 3 spell: Vampiric Draining
  8284 | D:6      | Found a basalt altar of Yredelemnul.
  8298 | D:6      | Reached XP level 8. HP: 32/32 MP: 23/23
  8855 | D:6      | Reached skill level 6 in Spellcasting
  8855 | D:6      | Reached skill level 1 in Summonings
  9207 | D:6      | Learned a level 4 spell: Throw Icicle
 10480 | D:7      | Reached XP level 9. HP: 35/35 MP: 11/26
 10649 | D:7      | Found Potsud's Book Shop.
 10699 | D:7      | Reached skill level 7 in Spellcasting
 11832 | D:8      | Acquired Kikubaaqudgha's second power
 12353 | D:8      | Upgraded the game from 0.16-a0-791-gf1c67de to 0.16-a0-890-g98fc465
 12530 | D:8      | Found a burning altar of Makhleb.
 12927 | D:8      | Learned a level 2 spell: Blink
 12991 | D:8      | Found a staircase to the Lair.
 13064 | D:8      | Reached skill level 8 in Spellcasting
 14313 | D:9      | Reached XP level 10. HP: 39/39 MP: 29/29
 14455 | D:9      | Noticed an elephant
 14456 | D:9      | Found a staircase to the Lair.
 14476 | D:9      | Killed an elephant
 14476 | D:9      | Received a gift from Kikubaaqudgha
 14478 | D:9      | Identified Kikubaaqudgha's Incunabulum of Darkness (Kikubaaqudgha gifted it to you on level 9 of the Dungeon)
 14496 | D:9      | Learned a level 4 spell: Animate Dead
 14914 | D:9      | Reached skill level 5 in Conjurations
 15108 | D:9      | Reached skill level 9 in Spellcasting
 15391 | D:10     | Entered Level 10 of the Dungeon
 16017 | D:10     | Noticed a wizard
 16018 | D:10     | Noticed Erica
 16109 | D:10     | Reached skill level 5 in Dodging
 16730 | D:10     | Noticed Eustachio
 16730 | D:10     | Noticed a deep elf knight
 16799 | Lair:1   | Entered Level 1 of the Lair of Beasts
 16889 | Lair:1   | Noticed a black mamba
 16898 | Lair:1   | Killed a black mamba
 17658 | Lair:1   | Reached skill level 10 in Spellcasting
 17673 | Lair:1   | Acquired Kikubaaqudgha's third power
 17949 | Lair:1   | Reached XP level 11. HP: 32/43 MP: 23/31
 18376 | Lair:1   | Reached skill level 5 in Necromancy
 20622 | Lair:2   | Learned a level 5 spell: Twisted Resurrection
 20677 | Lair:3   | Reached skill level 5 in Stealth
 22141 | Lair:4   | Noticed Rupert
 23379 | Lair:3   | Noticed a seven-headed hydra
 23512 | Lair:4   | Found a staircase to the Shoals.
 23783 | Lair:4   | Reached skill level 10 in Necromancy
 24045 | Lair:4   | Noticed a large abomination
 24295 | Lair:4   | Gained mutation: Your thick and shaggy fur keeps you warm (AC +3, rC+). [growing up]
 24295 | Lair:4   | Gained mutation: You can jump attack at a long distance. [growing up]
 24295 | Lair:4   | Reached XP level 12. HP: 39/46 MP: 6/32
 24547 | Lair:4   | Reached skill level 11 in Necromancy
 24825 | Lair:4   | Noticed a six-headed hydra
 25484 | Lair:4   | Killed a six-headed hydra
 25781 | Lair:4   | Paralysed by Rupert for 2 turns
 25792 | Lair:4   | Killed Rupert
 26178 | Lair:4   | Reached skill level 12 in Spellcasting
 27039 | Lair:4   | Found a staircase to the Swamp.
 27399 | Lair:5   | Noticed a four-headed hydra
 27414 | Lair:5   | Killed a four-headed hydra
 27634 | Lair:5   | Reached skill level 10 in Ice Magic
 28016 | Lair:5   | Found a staircase to the Snake Pit.
 28094 | Lair:5   | Found a staircase to the Swamp.
 28113 | Lair:5   | HP: 2/46 [vampire mosquito (7)]
 28917 | Lair:5   | Reached XP level 13. HP: 31/49 MP: 35/35
 29136 | Lair:5   | Acquired Kikubaaqudgha's fourth power
 29596 | Lair:5   | Killed from afar by a lindwurm
 29597 | Lair:5   | Reached XP level 12. HP: -3/46 MP: 31/43
 29751 | Lair:6   | Found a hole to the Spider Nest.
 31368 | Lair:6   | Noticed a four-headed hydra
 31797 | Lair:5   | Killed a four-headed hydra
 32088 | Lair:6   | Noticed a six-headed hydra
 32098 | Lair:6   | Killed a six-headed hydra
 32254 | Lair:6   | Noticed a four-headed hydra
 32262 | Lair:6   | Killed a four-headed hydra
 32679 | Lair:6   | Noticed a four-headed hydra
 32688 | Lair:6   | Killed a four-headed hydra
 32688 | Lair:6   | Reached skill level 10 in Dodging
 33256 | Lair:6   | Noticed a six-headed hydra
 33263 | Lair:6   | Killed a six-headed hydra
 33468 | Lair:7   | Reached XP level 13. HP: 42/49 MP: 4/35
 36357 | Lair:7   | Noticed a fire dragon
 36424 | Lair:7   | Killed a fire dragon
 36509 | Lair:8   | Entered Level 8 of the Lair of Beasts
 38764 | D:10     | Killed a wizard
 38772 | D:10     | Killed a deep elf knight
 38773 | D:10     | Noticed a cyclops
 38785 | D:10     | Killed a cyclops
 39129 | D:10     | Killed Erica
 39133 | D:10     | Killed Eustachio
 39828 | D:11     | Noticed Maurice
 39835 | D:11     | Killed Maurice
 40469 | D:11     | Your ally Maurice died
 40734 | D:11     | Found a staircase to the Orcish Mines.
 41010 | Orc:1    | Entered Level 1 of the Orcish Mines
 41204 | Orc:1    | Found a roughly hewn altar of Beogh.
 41414 | Orc:1    | Noticed a stone giant
 41845 | D:11     | Reached skill level 10 in Conjurations
 42435 | Temple   | Received a gift from Kikubaaqudgha
 42852 | D:11     | Reached XP level 14. HP: 47/53 MP: 34/35
 43704 | Lair:2   | Learned a level 6 spell: Simulacrum
 43829 | D:12     | Found a labyrinth entrance.
 43839 | Lab      | Entered a labyrinth
 45442 | D:13     | Found a flagged portal.
 45535 | Bailey   | Entered a bailey
 45868 | Bailey   | Found a bloodstained altar of Trog.
 46321 | D:13     | Reached skill level 5 in Evocations
 46669 | D:13     | Noticed Josephine
 46678 | D:13     | Killed Josephine
 48461 | D:14     | Gained mutation: You are partially covered in rugged brown scales (AC +1, +3% HP). [potion of mutation]
 48461 | D:14     | Gained mutation: Your system is resistant to poisons. [potion of mutation]
 48461 | D:14     | Gained mutation: Space occasionally distorts in your vicinity. [potion of mutation]
 48463 | D:14     | Lost mutation: Your system is resistant to poisons. [potion of mutation]
 48463 | D:14     | Gained mutation: You have a pair of small horns on your head. [potion of mutation]
 48463 | D:14     | Gained mutation: Your system is resistant to poisons. [potion of mutation]
 49091 | D:14     | Lost mutation: Space occasionally distorts in your vicinity. [mutagenic meat]
 49092 | D:14     | Gained mutation: You are resistant to hostile enchantments. [mutagenic meat]
 49656 | D:14     | Found a gate to the Vaults.
 50066 | D:14     | Reached skill level 10 in Evocations
 51452 | D:14     | Lost mutation: Your system is resistant to poisons. [mutagenic meat]
 51456 | D:14     | Gained mutation: You are highly resistant to hostile enchantments. [mutagenic meat]
 52144 | Orc:1    | Killed a stone giant
 52315 | Orc:1    | You fall through a shaft!
 52743 | Orc:1    | Found Nugy's Assorted Antiques.
 52759 | Orc:1    | Identified a scroll of acquirement
 53882 | Orc:2    | Found Strurih's Gadget Emporium.
 53890 | Orc:2    | Bought a wand of teleportation (2) for 270 gold pieces
 53925 | Orc:2    | Reached skill level 13 in Spellcasting
 54217 | Orc:3    | Found a staircase to the Elven Halls.
 55478 | Orc:4    | Entered Level 4 of the Orcish Mines
 55478 | Orc:4    | Found Zucauji's Armour Emporium.
 55492 | Orc:4    | Reached XP level 15. HP: 38/57 MP: 10/37
 55983 | Lair:2   | Learned a level 5 spell: Bolt of Draining
 56305 | Orc:4    | Noticed an orc warlord
 57651 | Orc:4    | Killed an orc warlord
 57906 | Orc:4    | Found a roughly hewn altar of Beogh.
 57961 | Orc:4    | Found Kutoix's Antique Armour Emporium.
 57971 | Orc:4    | Found Pabo's Jewellery Emporium.
 58039 | Orc:4    | Bought the ring of Guyck {+Rage rElec SInv} for 422 gold pieces
 58039 | Orc:4    | Bought an uncursed amulet of warding for 195 gold pieces
 58201 | Orc:4    | Found Puc Ishe's General Store.
 58225 | Orc:4    | Bought a scroll of fear for 38 gold pieces
 58283 | Orc:4    | Found an ancient bone altar of Kikubaaqudgha.
 58689 | Orc:4    | Found Gejaul's Antique Weapon Emporium.
 59130 | Lair:4   | a large abomination (ally) was killed
 59335 | Shoals:1 | Entered Level 1 of the Shoals
 59344 | Shoals:1 | Reached skill level 14 in Spellcasting
 60512 | Shoals:1 | Reached skill level 5 in Fighting
 63263 | Shoals:2 | Found a shadowy altar of Dithmenos.
 63268 | Shoals:2 | Noticed a kraken
 63654 | Shoals:2 | Killed a kraken
 65708 | Shoals:3 | Reached skill level 10 in Fighting
 65708 | Shoals:3 | Reached XP level 16. HP: 54/75 MP: 9/38
 65938 | Shoals:3 | Found Anafuim's Jewellery Emporium.
 65946 | Shoals:3 | Bought the ring of Megismekk {rF+ Str+5 Dex+4} for 763 gold pieces
 66353 | Shoals:4 | Found Grarph's General Store.
 66551 | Shoals:4 | Killed from afar by a merfolk aquamancer
 66552 | Shoals:4 | Reached XP level 15. HP: -9/71 MP: 33/38
 67616 | Shoals:5 | Entered Level 5 of the Shoals
 68060 | Shoals:5 | Identified Vehumet's Grimoire of Battle Magic
 68869 | Lair:3   | Killed a seven-headed hydra
 68869 | Lair:3   | Reached skill level 1 in Charms
 69371 | Spider:1 | Entered Level 1 of the Spider Nest
 70641 | Spider:1 | Reached skill level 5 in Charms
 71364 | Spider:2 | Found a frozen archway.
 71397 | IceCv    | Entered an ice cave
 73404 | Spider:3 | Slain by a wolf spider
 73405 | Spider:3 | Reached XP level 14. HP: -1/67 MP: 5/37
 73838 | D:$      | Got out of the dungeon alive.

Action                   |  1- 3 |  4- 6 |  7- 9 | 10-12 | 13-15 | 16-18 || total
-------------------------+-------+-------+-------+-------+-------+-------++-------
Melee: Unarmed           |    22 |    32 |    70 |    38 |   104 |     1 ||   267
 Cast: Freeze            |    45 |    96 |   116 |   445 |   520 |     1 ||  1223
       Animate Skeleton  |     1 |    25 |    28 |    35 |    73 |     2 ||   164
       Throw Frost       |       |    43 |   223 |   250 |   269 |       ||   785
       Summon Small Mamm |       |    14 |     5 |       |       |       ||    19
       Ozocubu's Armour  |       |     1 |       |    26 |    92 |     4 ||   123
       Vampiric Draining |       |       |    15 |    42 |    32 |       ||    89
       Throw Icicle      |       |       |    67 |   328 |   584 |       ||   979
       Animate Dead      |       |       |       |    41 |   103 |     1 ||   145
       Condensation Shie |       |       |       |    22 |    92 |     4 ||   118
       Twisted Resurrect |       |       |       |    25 |    66 |     1 ||    92
       Simulacrum        |       |       |       |       |    39 |       ||    39
       Bolt of Draining  |       |       |       |       |   456 |    15 ||   471
       Blink             |       |       |       |       |     5 |     2 ||     7
Invok: Receive Corpses   |       |       |       |     3 |    23 |       ||    26
       Torment           |       |       |       |       |     1 |       ||     1
 Abil: Jump Attack       |       |     5 |     2 |     3 |     7 |     1 ||    18
Evoke: Wand              |       |    18 |     3 |     7 |    28 |       ||    56
       Disc of storms    |       |       |       |       |     3 |       ||     3
       Box of beasts     |       |       |       |       |     2 |       ||     2
       Lamp of fire      |       |       |       |       |     3 |       ||     3
       Fan of gales      |       |       |       |       |     2 |       ||     2
       Sack of spiders   |       |       |       |       |     2 |       ||     2
  Use: Scroll            |       |       |     7 |     4 |    28 |       ||    39
       Potion            |       |       |       |     4 |     8 |       ||    12
 Stab: Sleeping          |     2 |     2 |       |       |       |       ||     4
       Distracted        |       |     1 |       |     1 |     3 |       ||     5
  Eat: Chunk             |     9 |    12 |    28 |    52 |   154 |     6 ||   261
       Royal jelly       |       |       |     1 |       |       |       ||     1
       Meat ration       |       |       |       |     1 |     2 |       ||     3
       Beef jerky        |       |       |       |       |     2 |       ||     2
